 Dungeon Crawl Stone Soup version 0.19.4-10-g532645f (webtiles) character file.

211 Magnus the Insei (level 5, -1/39 HPs)
             Began as a Demigod Transmuter on Feb 25, 2017.
             Killed by nerve-wracking pain
             ... invoked by Grinder
              (2 damage)
             ... on level 3 of the Dungeon.
             The game lasted 00:05:17 (2157 turns).

Magnus the Insei (Demigod Transmuter)               Turns: 2157, Time: 00:05:18

Health: -1/39      AC:  5    Str: 13    XL:     5   Next: 31%
Magic:  4/10       EV: 12    Int: 17    God:
Gold:   85         SH:  0    Dex: 18    Spells: 2 memorised, 3 levels left

rFire  . . .     SeeInvis .       - Unarmed
rCold  . . .     Gourm    .     q - +2 robe {Archmagi}
rNeg   . . .     Faith    .     (no shield)
rPois  .         Spirit   .     (no helmet)
rElec  .         Reflect  .     (no cloak)
rCorr  .         Harm     .     h - +0 pair of gloves
MR     .....                    (no boots)
Stlth  ++........               (no amulet)
                                (no ring)
                                (no ring)

@: very slightly contaminated
A: high mp 1
a: no special abilities


You were on level 3 of the Dungeon.
You were not hungry.

You visited 1 branch of the dungeon, and saw 3 of its levels.

You collected 85 gold pieces.

Inventory:

Missiles
 a - 29 arrows
Armour
 h - a +0 pair of gloves (worn)
 q - a +2 robe of the Archmagi (worn)
Wands
 n - a wand of teleportation (1/9)
Scrolls
 e - a scroll of fog {unknown}
 g - 3 scrolls of identify {unknown}
 j - a scroll of recharging {unknown}
 k - a scroll of amnesia {unknown}
 l - a scroll of fear {unknown}
 m - a scroll of noise {unknown}
 p - a scroll of remove curse {unknown}
Potions
 i - a potion of degeneration {unknown}
 o - 2 potions of lignification {unknown}
 r - 2 potions of cancellation {unknown}
Books
 c - a book of Changes

   Spells                             Type                      Level
   a - Beastly Appendage              Transmutation                1
   b - Sticks to Snakes               Transmutation                2
   c - Spider Form                    Transmutation/Poison         3
   d - Ice Form                       Ice/Transmutation            4
   e - Blade Hands                    Transmutation                5
Comestibles
 b - a chunk of flesh
 d - a bread ration
 f - 2 meat rations


   Skills:
 - Level 0.8 Fighting
 - Level 1.7 Dodging
 + Level 4.4 Unarmed Combat
 - Level 1.7 Spellcasting
 + Level 4.0 Transmutations


You had 3 spell levels left.
You knew the following spells:

 Your Spells              Type           Power        Failure   Level  Hunger
a - Beastly Appendage     Tmut           ###...       4%          1    #......
b - Spider Form           Tmut/Pois      ##........   30%         3    ###....


Dungeon Overview and Level Annotations

Branches:
Dungeon (3/15)

Annotations:
D:3 Grinder


Innate Abilities, Weirdness & Mutations

You have an increased reservoir of magic. (+10% MP)


Message History

You don't have enough magic to cast that spell.
Grinder hits you.
You writhe in agony.
Grinder blinks!
Things that are here:
a flail; an orc corpse Grinder gestures at you.
Pain shoots through your body!
Found a club.
Grinder blinks!
Grinder says, "I used to sell toenails on the black market."
Grinder gestures at you.
You suddenly lose the ability to move!
Grinder gestures at you. Pain shoots through your body!
* * * LOW HITPOINT WARNING * * *
You can move again.
Unknown command.
Grinder gestures at you. Pain shoots through your body!
You die...

#....# #.....)..# #<...#
#........#####....#
#.................#
##........#####....####
#.........#####....)..#
##.........##).........#
...........#.).........#
#....@..5..###.#.#...#
........####.###.#.#####
######.......##....#
...########....# #.##
#....# #.. #....# #.
###.##.# .. #...##.#
#.####.#


You could see Grinder.

Vanquished Creatures
  Sigmund (D:2)
  An adder (D:1)
  An ooze (D:1)
  2 dart slugs (D:1)
  A leopard gecko (D:1)
  An orc (D:3)
  A giant cockroach (D:1)
  2 goblins (D:1)
  6 hobgoblins
  A quokka (D:3)
  A ball python (D:3)
  6 bats
  3 frilled lizards
  6 kobolds (D:1)
  4 rats
37 creatures vanquished.

Notes
Turn   | Place    | Note
-------+----------+-------------------------------------------
     0 | D:1      | Magnus the Demigod Transmuter began the quest for the Orb.
     0 | D:1      | Reached XP level 1. HP: 15/15 MP: 5/5
   414 | D:1      | Reached XP level 2. HP: 20/22 MP: 7/7
  1420 | D:1      | Reached XP level 3. HP: 26/27 MP: 8/8
  1462 | D:1      | Learned a level 3 spell: Spider Form
  1806 | D:2      | Noticed Sigmund
  1950 | D:2      | Killed Sigmund
  1950 | D:2      | Reached XP level 4. HP: 28/34 MP: 6/9
  1950 | D:2      | Reached XP level 5. HP: 33/39 MP: 6/10
  2129 | D:3      | Noticed Grinder
  2129 | D:3      | Paralysed by Grinder for 4 turns
  2140 | D:3      | Paralysed by Grinder for 6 turns
  2155 | D:3      | Paralysed by Grinder for 2 turns
  2156 | D:3      | HP: 1/39 [Grinder/nerve-wracking pain (14)]
  2157 | D:3      | Killed from afar by Grinder

Skill      XL: |  1  2  3 |
---------------+----------+-----
Transmutations | 2 4 |  4.0
Unarmed Combat | 3 4 |  4.4
Fighting       | |  0.8
Dodging        | |  1.7
Spellcasting   | |  1.7

Action                   |  1- 3 |  4- 6 || total
-------------------------+-------+-------++-------
Melee: Unarmed           |   112 |    14 ||   126
       Punch             |     2 |       ||     2
 Cast: Spider Form       |     1 |     1 ||     2
 Stab: Sleeping          |     2 |       ||     2
  Eat: Chunk             |     3 |     1 ||     4
Armor: Robe              |    25 |     1 ||    26
Dodge: Dodged            |    67 |     9 ||    76
